TOP OF THE 1ST |
Idaho Falls Chukars batting - Pitching for Washington Generals : LHP Marco Sledge
|
Pitching: LHP Marco Sledge
|
|
Batting: SHB Bill Bambridge
|
0-0: Ball 1-0: Ball 2-0: Ball 3-0: Base on Balls
|
Batting: SHB Tony Manzanares
|
0-0: Ball 1-0: Foul Ball, location: 2F 1-1: Ball 2-1: Swinging Strike 2-2: Grounds into double play, 5-4-3 (Groundball, 56D)
|
Batting: RHB León Preciado
|
0-0: Ground out 4-3 (Groundball, 4MS)
|
Top of the 1st over - 0 run(s), 0 hit(s), 0 error(s), 0 left on base; Idaho Falls 0 - Washington 0 |
BOTTOM OF THE 1ST |
Washington Generals batting - Pitching for Idaho Falls Chukars : RHP Tae-shik Park
|
Pitching: RHP Tae-shik Park
|
|
Batting: RHB David Tineo
|
0-0: Ball 1-0: Ball 2-0: Foul Ball, location: 2F 2-1: Foul Ball, location: 2F 2-2: Fly out, F5 (Line Drive, 5S)
|
Batting: SHB Pedro Villarreal
|
0-0: Ball 1-0: Ball 2-0: Called Strike 2-1: Foul Ball, location: 2F 2-2: Ball 3-2: Base on Balls
|
Batting: RHB Jason Alston
|
0-0: Fly out, F7 (Flyball, 78M)
|
Batting: RHB Mauro Deleón
|
0-0: Called Strike Pedro Villarreal steals 2nd base 0-1: Ball 1-1: Swinging Strike 1-2: Fly out, F6 (Flyball, 6MD)
|
Bottom of the 1st over - 0 run(s), 0 hit(s), 0 error(s), 1 left on base; Idaho Falls 0 - Washington 0 |
TOP OF THE 2ND |
Idaho Falls Chukars batting - Pitching for Washington Generals : LHP Marco Sledge
|
Batting: RHB Spencer Lyng
|
0-0: Swinging Strike 0-1: Swinging Strike 0-2: Ball 1-2: Strikes out looking
|
Batting: SHB Jesús Román
|
0-0: Called Strike 0-1: Foul Ball, location: 2F 0-2: Ball 1-2: Strikes out swinging
|
Batting: RHB Fytor Ceia
|
0-0: Called Strike 0-1: SINGLE (Line Drive, 4MD)
|
Batting: SHB Ernesto Carrión
|
0-0: Called Strike 0-1: Ball 1-1: Swinging Strike 1-2: Ball 2-2: Strikes out swinging
|
Top of the 2nd over - 0 run(s), 1 hit(s), 0 error(s), 1 left on base; Idaho Falls 0 - Washington 0 |
BOTTOM OF THE 2ND |
Washington Generals batting - Pitching for Idaho Falls Chukars : RHP Tae-shik Park
|
Batting: RHB Chad Silander
|
0-0: Foul Ball, location: 2F 0-1: Ball 1-1: Ball 2-1: Ground out 6-3 (Groundball, 6)
|
Batting: RHB Franklin Rascón
|
0-0: Foul Ball, location: 2F 0-1: Ball 1-1: Foul Ball, location: 2F 1-2: Fly out, F9 (Flyball, 89S)
|
Batting: SHB Dave Gant
|
0-0: Ball 1-0: Foul Ball, location: 2F 1-1: Ball 2-1: Ball 3-1: Foul Ball, location: 2F 3-2: Base on Balls
|
Batting: RHB Mike Lipide
|
0-0: Ball 1-0: Ball 2-0: Ball 3-0: Called Strike 3-1: Swinging Strike 3-2: Foul Ball, location: 2F 3-2: Strikes out swinging
|
Bottom of the 2nd over - 0 run(s), 0 hit(s), 0 error(s), 1 left on base; Idaho Falls 0 - Washington 0 |
TOP OF THE 3RD |
Idaho Falls Chukars batting - Pitching for Washington Generals : LHP Marco Sledge
|
Batting: LHB Jared Morningstar
|
0-0: Ball 1-0: Called Strike 1-1: SINGLE (Groundball, 6D)
|
Batting: RHB Ilkka Haapajarvi
|
0-0: Ball 1-0: Called Strike 1-1: Fly out, F3 (Line Drive, 3S)
|
Batting: SHB Bill Bambridge
|
0-0: Ball 1-0: Called Strike 1-1: Ball 2-1: Ball 3-1: Foul Ball, location: 2F 3-2: Foul Ball, location: 2F 3-2: Base on Balls Jared Morningstar to second
|
Batting: SHB Tony Manzanares
|
0-0: Ball 1-0: Swinging Strike 1-1: Ball 2-1: Fly out, F1 (Line Drive, 15) Lined into DP, 1-4 (Line Drive, 15)
|
Top of the 3rd over - 0 run(s), 1 hit(s), 0 error(s), 1 left on base; Idaho Falls 0 - Washington 0 |
BOTTOM OF THE 3RD |
Washington Generals batting - Pitching for Idaho Falls Chukars : RHP Tae-shik Park
|
Batting: RHB Alonso Vielma
|
0-0: Ball 1-0: Called Strike 1-1: Ground out 5-3 (Groundball, 56S)
|
Batting: RHB David Tineo
|
0-0: Called Strike 0-1: Foul Ball, location: 2F 0-2: Ball 1-2: Strikes out swinging
|
Batting: SHB Pedro Villarreal
|
0-0: Foul Ball, location: 2F 0-1: Foul Ball, location: 2F 0-2: Fly out, F9 (Flyball, 9LM)
|
Bottom of the 3rd over - 0 run(s), 0 hit(s), 0 error(s), 0 left on base; Idaho Falls 0 - Washington 0 |
TOP OF THE 4TH |
Idaho Falls Chukars batting - Pitching for Washington Generals : LHP Marco Sledge
|
Batting: RHB León Preciado
|
0-0: Ball 1-0: Foul Ball, location: 2F 1-1: Ball 2-1: Ball 3-1: SINGLE (Groundball, 3) (infield hit)
|
Batting: RHB Spencer Lyng
|
0-0: Fly out, F7 (Flyball, 78D)
|
Batting: SHB Jesús Román
|
0-0: Ball 1-0: SINGLE (Line Drive, 6M) León Preciado to second
|
Batting: RHB Fytor Ceia
|
0-0: Called Strike 0-1: Fly out, F8 (Line Drive, 8RM)
|
Batting: SHB Ernesto Carrión
|
0-0: Ball 1-0: Fly out, F9 (Flyball, 89S)
|
Top of the 4th over - 0 run(s), 2 hit(s), 0 error(s), 2 left on base; Idaho Falls 0 - Washington 0 |
BOTTOM OF THE 4TH |
Washington Generals batting - Pitching for Idaho Falls Chukars : RHP Tae-shik Park
|
Batting: RHB Jason Alston
|
0-0: Called Strike 0-1: Ball 1-1: Foul Ball, location: 2F 1-2: Fly out, F6 (Popup, 6)
|
Batting: RHB Mauro Deleón
|
0-0: DOUBLE (Groundball, 5L)
|
Batting: RHB Chad Silander
|
0-0: Ball 1-0: Ball 2-0: Ball 3-0: Called Strike 3-1: Base on Balls
|
Batting: RHB Franklin Rascón
|
0-0: Foul Ball, location: 2F 0-1: Fly out, F4 (Popup, 4)
|
Batting: SHB Dave Gant
|
0-0: Ball 1-0: Called Strike 1-1: Foul Ball, location: 2F 1-2: Fly out, F7 (Flyball, 7)
|
Bottom of the 4th over - 0 run(s), 1 hit(s), 0 error(s), 2 left on base; Idaho Falls 0 - Washington 0 |
TOP OF THE 5TH |
Idaho Falls Chukars batting - Pitching for Washington Generals : LHP Marco Sledge
|
Batting: LHB Jared Morningstar
|
0-0: Ball 1-0: Fly out, F4 (Line Drive, 4D)
|
Batting: RHB Ilkka Haapajarvi
|
0-0: Swinging Strike 0-1: Ball 1-1: Called Strike 1-2: Strikes out swinging
|
Batting: SHB Bill Bambridge
|
0-0: Bunt missed! 0-1: Ball 1-1: SINGLE (Line Drive, 34)
|
Batting: SHB Tony Manzanares
|
0-0: Ball 1-0: Ball 2-0: Foul Ball, location: 2F 2-1: Ball 3-1: Reached on error, E6 (Line Drive, 6) Bill Bambridge to second
|
Batting: RHB León Preciado
|
0-0: Called Strike 0-1: Swinging Strike 0-2: Foul Ball, location: 2F 0-2: Ball 1-2: Ball 2-2: Strikes out swinging
|
Top of the 5th over - 0 run(s), 1 hit(s), 1 error(s), 2 left on base; Idaho Falls 0 - Washington 0 |
BOTTOM OF THE 5TH |
Washington Generals batting - Pitching for Idaho Falls Chukars : RHP Tae-shik Park
|
Batting: RHB Mike Lipide
|
0-0: Called Strike 0-1: Foul Ball, location: 2F 0-2: Strikes out swinging
|
Batting: RHB Alonso Vielma
|
0-0: Foul Ball, location: 2F 0-1: Fly out, F9 (Line Drive, 9)
|
Batting: RHB David Tineo
|
0-0: Called Strike 0-1: Foul Ball, location: 2F 0-2: Strikes out swinging
|
Bottom of the 5th over - 0 run(s), 0 hit(s), 0 error(s), 0 left on base; Idaho Falls 0 - Washington 0 |
TOP OF THE 6TH |
Idaho Falls Chukars batting - Pitching for Washington Generals : LHP Marco Sledge
|
Batting: RHB Spencer Lyng
|
0-0: Called Strike 0-1: Called Strike 0-2: Ball 1-2: Strikes out swinging
|
Batting: SHB Jesús Román
|
0-0: Foul Ball, location: 2F 0-1: Called Strike 0-2: Ball 1-2: Strikes out swinging
|
Batting: RHB Fytor Ceia
|
0-0: Ball 1-0: Foul Ball, location: 2F 1-1: Fly out, F9 (Line Drive, 9)
|
Top of the 6th over - 0 run(s), 0 hit(s), 0 error(s), 0 left on base; Idaho Falls 0 - Washington 0 |
BOTTOM OF THE 6TH |
Washington Generals batting - Pitching for Idaho Falls Chukars : RHP Tae-shik Park
|
Batting: SHB Pedro Villarreal
|
0-0: Foul Ball, location: 2F 0-1: Ball 1-1: Ball 2-1: Swinging Strike 2-2: Foul Ball, location: 2F 2-2: Foul Ball, location: 2F 2-2: Ball 3-2: Ground out 1-3 (Groundball, 13)
|
Batting: RHB Jason Alston
|
0-0: Called Strike 0-1: Foul Ball, location: 2F 0-2: Ball 1-2: Ball 2-2: DOUBLE (Line Drive, 78M)
|
Pitching: RHP Aliaume Thiame
|
|
Batting: RHB Mauro Deleón
|
0-0: Ball 1-0: Called Strike 1-1: Ball 2-1: Ball 3-1: Ground out 6-3 (Groundball, 6M) Jason Alston to third
|
Batting: RHB Chad Silander
|
0-0: Ball 1-0: Ball 2-0: Called Strike 2-1: Swinging Strike 2-2: Foul Ball, location: 2F 2-2: Ball 3-2: Base on Balls
|
Batting: RHB Franklin Rascón
|
0-0: Ball 1-0: Foul Ball, location: 2F 1-1: Foul Ball, location: 2F 1-2: Strikes out looking
|
Bottom of the 6th over - 0 run(s), 1 hit(s), 0 error(s), 2 left on base; Idaho Falls 0 - Washington 0 |
TOP OF THE 7TH |
Idaho Falls Chukars batting - Pitching for Washington Generals : LHP Marco Sledge
|
Pinch Hitting: LHB Jesús López
|
0-0: Ball 1-0: Ball 2-0: Ball 3-0: Called Strike 3-1: Fly out, F9 (Flyball, 9LM)
|
Batting: LHB Jared Morningstar
|
0-0: Called Strike 0-1: Called Strike 0-2: Ball 1-2: Ball 2-2: Ball 3-2: Foul Ball, location: 2F 3-2: Strikes out swinging
|
Batting: RHB Ilkka Haapajarvi
|
0-0: Foul Ball, location: 2F 0-1: Ball 1-1: Foul Ball, location: 2F 1-2: Foul Ball, location: 2F 1-2: Fly out, F8 (Flyball, 89M)
|
Top of the 7th over - 0 run(s), 0 hit(s), 0 error(s), 0 left on base; Idaho Falls 0 - Washington 0 |
BOTTOM OF THE 7TH |
Washington Generals batting - Pitching for Idaho Falls Chukars : RHP Aliaume Thiame
|
Now in RF: Jesús López
|
|
Batting: SHB Dave Gant
|
0-0: Ball 1-0: Called Strike 1-1: Fly out, F7 (Flyball, 7S)
|
Batting: RHB Mike Lipide
|
0-0: Ball 1-0: Ball 2-0: Ground out 5-3 (Groundball, 56)
|
Pinch Hitting: RHB Ricardo Sandoval
|
0-0: Called Strike 0-1: Ball 1-1: Ball 2-1: SINGLE (Line Drive, 6M)
|
Batting: RHB David Tineo
|
0-0: Ball 1-0: Ball 2-0: Ball 3-0: Foul Ball, location: 2F 3-1: Called Strike 3-2: Foul Ball, location: 2F 3-2: Strikes out swinging
|
Bottom of the 7th over - 0 run(s), 1 hit(s), 0 error(s), 1 left on base; Idaho Falls 0 - Washington 0 |
TOP OF THE 8TH |
Idaho Falls Chukars batting - Pitching for Washington Generals : LHP Marco Sledge
|
Now at 2B: Ricardo Sandoval
|
|
Pinch Hitting: RHB Wilford Funkhouser
|
0-0: Called Strike 0-1: Ball 1-1: SINGLE (Groundball, 2L) (infield hit)
|
Pinch Runner at 1st José López:
|
|
Batting: SHB Tony Manzanares
|
0-0: Called Strike José López steals 2nd base 0-1: Ball 1-1: Swinging Strike 1-2: Ball 2-2: Ball 3-2: Fly out, F7 (Flyball, 7S)
|
Pitching: RHP Augusto Morín
|
|
Pinch Hitting: LHB Víctor Puente
|
0-0: Intentional Walk
|
Batting: RHB Spencer Lyng
|
0-0: Ball José López steals 3rd base Víctor Puente to second 1-0: Intentional Walk
|
Pinch Hitting: LHB Juan Rosado
|
0-0: Grounds into fielders choice 4-2 (Groundball, 4) Víctor Puente to third Spencer Lyng to second
|
Batting: RHB Fytor Ceia
|
0-0: Foul Ball, location: 2F 0-1: Swinging Strike 0-2: Foul Ball, location: 2F 0-2: Ball 1-2: Strikes out looking
|
Top of the 8th over - 0 run(s), 1 hit(s), 0 error(s), 3 left on base; Idaho Falls 0 - Washington 0 |
BOTTOM OF THE 8TH |
Washington Generals batting - Pitching for Idaho Falls Chukars : RHP Aliaume Thiame
|
Now at 2B: Juan Rosado
|
|
Now in LF: Víctor Puente
|
|
Now in CF: Ricardo Sánchez
|
|
Batting: SHB Pedro Villarreal
|
0-0: Ball 1-0: Called Strike 1-1: TRIPLE (Line Drive, 7LS)
|
Batting: RHB Jason Alston
|
0-0: Intentional Walk
|
Batting: RHB Mauro Deleón
|
0-0: Ball 1-0: Foul Ball, location: 2F 1-1: Reached on error, E5 (Groundball, 5S) Pedro Villarreal scores Jason Alston to second
|
Batting: RHB Chad Silander
|
0-0: Ball 1-0: Foul Ball, location: 2F 1-1: Ball Jason Alston steals 3rd base Mauro Deleón to second 2-1: Ball 3-1: Foul Ball, location: 2F 3-2: Fly out, F7 (Line Drive, 7D) Runner from 3rd tags up, SCORES, no throw
|
Batting: RHB Franklin Rascón
|
0-0: Called Strike 0-1: Foul Ball, location: 2F 0-2: DOUBLE (Line Drive, 7LM) Mauro Deleón scores
|
Batting: SHB Dave Gant
|
0-0: Intentional Walk
|
Pitching: RHP Frédéric Lamy
|
|
Batting: RHB Mike Lipide
|
0-0: Ball 1-0: Called Strike 1-1: Fly out, F7 (Flyball, 7)
|
Batting: RHB Ricardo Sandoval
|
0-0: Ball 1-0: DOUBLE (Line Drive, 9LM) Franklin Rascón scores Dave Gant to third Runner from 3rd tries for Home, SAFE, no throw
|
Batting: RHB David Tineo
|
0-0: Called Strike 0-1: Ball 1-1: Called Strike 1-2: Strikes out looking
|
Bottom of the 8th over - 5 run(s), 3 hit(s), 1 error(s), 1 left on base; Idaho Falls 0 - Washington 5 |
TOP OF THE 9TH |
Idaho Falls Chukars batting - Pitching for Washington Generals : RHP Augusto Morín
|
Now at 3B: Júlio Rodríguez
|
|
Batting: LHB Jesús López
|
0-0: Called Strike 0-1: Ball 1-1: Fly out, F4 (Popup, 4MD)
|
Batting: LHB Jared Morningstar
|
0-0: Called Strike 0-1: Ball 1-1: Swinging Strike 1-2: Ball 2-2: Strikes out looking
|
Batting: RHB Ilkka Haapajarvi
|
0-0: Ball 1-0: Ball 2-0: Called Strike 2-1: Ball 3-1: Base on Balls
|
Batting: RHB Ricardo Sánchez
|
0-0: Called Strike 0-1: Ball 1-1: Ball 2-1: Swinging Strike 2-2: Strikes out looking
|
Top of the 9th over - 0 run(s), 0 hit(s), 0 error(s), 1 left on base; Idaho Falls 0 - Washington 5 |
|